 Dungeon Crawl Stone Soup version 0.28.0-47-ge53b351184 (webtiles) character file.

Game seed: 15319418057731391148

359 issech the Ducker (level 6, -1/61 HPs)
             Began as a Troll Monk on Apr 27, 2022.
             Killed by divine providence
             ... invoked by an orc priest
              (10 damage)
             ... on level 4 of the Dungeon.
             The game lasted 00:10:27 (2978 turns).

issech the Ducker (Troll Monk)                      Turns: 2978, Time: 00:10:28

Health: -1/61      AC:  4    Str: 20    XL:     6   Next: 37%
Magic:  5/5        EV: 11    Int:  6    God:
Gold:   164        SH:  0    Dex: 14    Spells: 5/5 levels left

rFire   . . .      SeeInvis .   c - +0 dagger (venom)
rCold   . . .      Faith    .   (no shield)
rNeg    . . .      Spirit   .   b - +0 robe
rPois   .          Reflect  .   (helmet restricted)
rElec   .          Harm     .   (no cloak)
rCorr   .          Rampage  .   (gloves unavailable)
Will    .....                   (boots unavailable)
Stlth   ++........              (no amulet)
HPRegen 1.00/turn               (no ring)
MPRegen 0.09/turn               (no ring)

@: no status effects
A: large, unfitting armour, claws 3, regeneration 1, shaggy fur 1, tough skin 1
a: no special abilities


You were on level 4 of the Dungeon.
You visited 1 branch of the dungeon, and saw 4 of its levels.
You also visited: Sewer.

You collected 164 gold pieces.

Inventory:

Hand Weapons
 c - a +0 dagger of venom (weapon)
 p - a +0 flail of holy wrath
Missiles
 i - 60 stones (quivered)
 k - 6 poisoned darts
 l - 39 bolts
 s - 16 sling bullets
Armour
 b - a +0 robe (worn)
Jewellery
 a - a ring of ice
 o - an amulet of faith
Scrolls
 d - a scroll of immolation {unknown}
 e - a scroll of fog
 f - 2 scrolls of teleportation
 g - a scroll of enchant armour {unknown}
 h - a scroll of acquirement {unknown}
 m - a scroll of amnesia {unknown}
 n - a scroll of identify {unknown}
 r - a scroll of fear {unknown}
Potions
 j - a potion of heal wounds {unknown}
 q - a potion of brilliance {unknown}


   Skills:
 + Level 3.2 Fighting
 + Level 2.7 Short Blades
 + Level 3.2 Maces & Flails
 + Level 0.7 Throwing
 + Level 3.9 Dodging
 + Level 1.4 Stealth


You had 5 spell levels left.
You didn't know any spells.
Your spell library contained the following spells:

 Spells                   Type           Power      Damage    Failure   Level
 Magic Dart               Conj           0%         1d3       45%         1
 Call Imp                 Summ           0%         N/A       58%         2
 Mephitic Cloud           Conj/Pois/Air  0%         N/A       83%         3


Dungeon Overview and Level Annotations

Branches:
Dungeon (4/15)              Sewer (visited)
 Temple: D:4-7

Altars:
Cheibriados
Okawaru
Qazlal


Innate Abilities, Weirdness & Mutations

You are too large for most types of armour.
You have claws for hands.
Your natural rate of healing is unusually fast.
You are covered in fur. (AC +1)
You have tough skin. (AC +1)


Message History

The orc is severely wounded.
The orc barely misses you.
The orc priest looks braver for a moment.
You closely miss the orc.
The orc is severely wounded.
An ogre comes into view. It is wielding a +0 giant spiked club.
The orc priest casts a cantrip, but nothing happens.
You hit the orc.
You kill the orc!
The orc priest closely misses you. The orc closely misses you.
The orc barely misses you.
You hit the orc priest.
The orc priest is poisoned.
The orc priest is lightly wounded.
The orc priest hits you with a +0 club. The orc closely misses you.
You hit the orc priest but do no damage.
The orc priest looks even sicker.
The orc priest is lightly wounded.
The orc hits you with a +0 club. The orc priest hits you with a +0 club.
The orc hits you with a +0 club.
You hit the orc priest but do no damage.
The orc priest looks as sick as possible!
The orc priest is moderately wounded.
The orc misses you. The orc priest hits you with a +0 club.
The orc hits you with a +0 club.
You hit the orc priest but do no damage.
The orc priest is moderately wounded.
The orc barely misses you.
The orc priest mumbles some strange prayers to Beogh against you.
Beogh smites you! The orc closely misses you.
The orc hits you but does no damage.
You hit the orc.
The orc is severely wounded.
The orc priest calls down the wrath of Beogh upon you.
Beogh smites you!
* * * LOW HITPOINT WARNING * * *
The orc hits you with a +0 club.
* * * LOW HITPOINT WARNING * * *
The orc priest invokes the aid of Beogh against you.
Beogh smites you!
You die...

## #.# #.##.# #..#.# #....#
#...# #...## ###..## ###
##....## #..## #.@##..##
#...# ##o.###..## #...
###)o## #...## #... #.Oo..#
##...# #.. #..o#....####..##
#. .......##......##..## ###
.........###......<..#####..
###...... ##.........##...#
##...... ##...........###


You could see an ogre, 2 orc priests and 2 orcs.

Vanquished Creatures
  Edmund (D:4)
  A bullfrog (Sewer)
  An orc priest (D:3)
  A river rat (D:4)
  3 adders
  A worm (D:3)
  A dart slug (D:1)
  11 orcs
  6 endoplasms
  9 giant cockroaches
  7 goblins
  5 hobgoblins
  2 jackals (D:1)
  5 quokkas
  5 ball pythons
  7 bats
  10 frilled lizards
  4 kobolds
  13 rats
93 creatures vanquished.

Vanquished Creatures (others)
  3 fungi (D:1)
  3 plants (D:1)
6 creatures vanquished.

Grand Total: 99 creatures vanquished

Notes
Turn   | Place    | Note
-------+----------+-------------------------------------------
     0 | D:1      | issech the Troll Monk began the quest for the Orb.
     0 | D:1      | Reached XP level 1. HP: 22/22 MP: 0/0
   120 | D:1      | Reached XP level 2. HP: 29/29 MP: 1/1
   185 | D:1      | Found a faded altar of an unknown god.
   614 | D:2      | Reached XP level 3. HP: 30/36 MP: 2/2
   702 | D:2      | Found an iron altar of Okawaru.
  1326 | D:3      | Reached XP level 4. HP: 44/44 MP: 3/3
  1390 | D:3      | HP: 1/44 [orc priest/+0 falchion (5)]
  1397 | D:3      | Reached skill level 1 in Short Blades
  1549 | D:3      | Found a stormy altar of Qazlal.
  1735 | D:3      | Found a snail-covered altar of Cheibriados.
  2132 | D:4      | Noticed Edmund
  2146 | D:4      | Killed Edmund
  2147 | D:4      | Reached XP level 5. HP: 50/53 MP: 4/4
  2174 | D:4      | Reached XP level 6. HP: 46/61 MP: 5/5
  2188 | D:4      | Found a glowing drain.
  2197 | Sewer    | Entered a sewer
  2978 | D:4      | Killed from afar by an orc priest

Illustrated notes

Levels and vault maps discovered:
D:1:      scummos_arrival_simple_fountains, layout_loops_ring,
          shapermc_ecumenical_altar_mp_ritualfount, minmay_tetromino_o4
D:2:      layout_rooms, basic_altar
D:3:      layout_loops_corners, mainiacjoe_overflow_catch_the_wave,
          minmay_distorted
D:4:      layout_cave_pods, portal_sewer_entry_e,
          gammafunk_ghost_abyssal_escape, uniq_natasha, uniq_edmund

Skill      XL: |  1  2  3  4 |
---------------+-------------+-----
Dodging        | 3 |  3.9
Maces & Flails | 3 |  3.2
Fighting       | 3 |  3.2
Short Blades   | 2 |  2.7
Throwing       | |  0.7
Stealth        | |  1.4

Action                   |  1- 3 |  4- 6 || total
-------------------------+-------+-------++-------
Melee: Mace              |    48 |       ||    48
       Dagger            |    78 |   189 ||   267
       Punch             |     1 |     6 ||     7
Throw: Stone             |     8 |     7 ||    15
  Use: Scroll            |       |     2 ||     2
 Stab: Sleeping          |     1 |     1 ||     2
Armor: Robe              |    61 |    39 ||   100
Dodge: Dodged            |    83 |   121 ||   204
